 Dungeon Crawl Stone Soup version 0.32-a0-450-g080537f31e (webtiles) character file.

Game seed: 10127763043286857781

155829 cforsyth the Warrior (level 17, -1/153 HPs)
             Began as a Coglin Gladiator on Feb 24, 2024.
             Was the Champion of Wu Jian.
             Slain by a wolf spider (14 damage)
             ... led by a torpor snail
             ... on level 4 of the Spider Nest.
             The game lasted 01:15:22 (39744 turns).

cforsyth the Warrior (Coglin Gladiator)            Turns: 39744, Time: 01:15:25

Health: -1/153     AC: 28    Str: 14      XL:     17   Next: 66%
Magic:  17/17      EV:  9    Int:  5 (8)  God:    Wu Jian [******]
Gold:   2826       SH:  5    Dex: 22      Spells: 16/16 levels left

rFire   + + .        p - +10 double sword of the Blue Skies {elec, rF++ rN+ rCorr Int-2}
rCold   + . .        B - +8 short sword (speed) {Prasit}
rNeg    + . .        P - +2 plate armour {rC+}
rPois   .            c - +1 helmet
rElec   .            D - +0 cloak {Stlth+}
rCorr   +            I - +1 pair of gloves {Stlth+}
SInv    .            l - +1 pair of boots
Will    ++...        Q - amulet of reflection Stlth
                     W - ring of willpower
HPRegen 0.45/turn    Y - +4 ring of slaying
MPRegen 0.15/turn

%: reflection
@: lethally poisoned (-1 -> -61), slowed, studying Summonings, very slow
A: off-hand wielding, slow wielding, warmup strikes, legs shutdown
a: Renounce Religion, Wall Jump, Serpent's Lash, Heavenly Storm


You were on level 4 of the Spider Nest.
You worshipped Wu Jian.
Wu Jian was exalted by your worship.
You visited 5 branches of the dungeon, and saw 27 of its levels.
You also visited: Sewer and Ice Cave.

You collected 2938 gold pieces.
You spent 112 gold pieces at shops.


Innate Abilities, Weirdness & Mutations

You can wield a second weapon in your off-hand.
It takes a long time for you to wield or remove held weapons.
Your first few attacks do less damage.
Attacking and casting redirects power from your legs.


   Skills:
 + Level 19.0 Fighting
 - Level 17.0 Long Blades
 - Level 1.7 Throwing
 - Level 15.1 Armour
 + Level 9.3 Dodging


You had 16 spell levels left.
You didn't know any spells.
Your spell library contained the following spells:

 Spells                   Type           Power      Damage    Failure   Level
 Apportation              Tloc           0%         N/A       100%        1
 Necrotise                Necr           0%         1d4       100%        1
 Slow                     Hex            0%         N/A       100%        1
 Sting                    Conj/Alch      0%         1d3       100%        1
 Summon Small Mammal      Summ           0%         N/A       100%        1
 Blink                    Tloc           0%         N/A       100%        2
 Cigotuvi's Dreadful Rot  Necr/Alch/Air  0%         N/A       100%        2
 Ensorcelled Hibernation  Hex/Ice        0%         N/A       100%        2
 Jinxbite                 Hex            0%         N/A       100%        2
 Lesser Beckoning         Tloc           0%         N/A       100%        2
 Mercury Vapours          Alch/Air       0%         N/A       100%        2
 Momentum Strike          Conj/Tloc      0%         3d8       100%        2
 Call Canine Familiar     Summ           0%         N/A       100%        3
 Confusing Touch          Hex            0%         N/A       100%        3
 Passwall                 Erth           0%         N/A       100%        3
 Sigil of Binding         Hex            0%         N/A       100%        3
 Swiftness                Air            0%         N/A       100%        3
 Vampiric Draining        Necr           0%         2d6       100%        3
 Animate Armour           Summ/Erth      0%         N/A       100%        4
 Dimensional Bullseye     Hex/Tloc       0%         N/A       100%        4
 Dispel Undead            Necr           0%         3d6       100%        4
 Ignite Poison            Fire/Alch      0%         N/A       100%        4
 Martyr's Knell           Necr/Summ      0%         N/A       100%        4
 Olgreb's Toxic Radiance  Alch           0%         N/A       100%        4
 Sticky Flame             Fire/Alch      0%         2d4       100%        4
 Summon Blazeheart Golem  Fire/Summ      0%         N/A       100%        4
 Summon Lightning Spire   Summ/Air       0%         N/A       100%        4
 Alistair's Intoxication  Alch           0%         N/A       100%        5
 Curse of Agony           Necr           0%         N/A       100%        5
 Lee's Rapid Deconstruct  Erth           0%         3d4*      100%        5
 Death Channel            Necr           0%         N/A       100%        6
 Ignition                 Fire           0%         3d3       100%        8

Inventory:

Hand Weapons
 j - the +7 rapier of Gluttony {venom, rF- Str+3 Int+5}
   (You found it on level 2 of the Lair of Beasts)

   Str+3:     It affects your strength (+3).
   Int+5:     It affects your intelligence (+5).
   rF-:       It makes you vulnerable to fire.
 p - the +10 double sword of the Blue Skies (weapon) {elec, rF++ rN+ rCorr Int-2}
   (You acquired it on level 5 of the Lair of Beasts)

   Int-2:     It affects your intelligence (-2).
   rF++:      It greatly protects you from fire.
   rN+:       It protects you from negative energy.
   rCorr:     It protects you from acid and corrosion.
 B - a +8 short sword of speed (offhand) {Prasit}
 J - a +1 demon blade of pain
Missiles
 d - 3 throwing nets (quivered) {=f}
 K - 5 silver javelins
Armour
 c - a +1 helmet (worn)
 l - a +1 pair of boots (worn)
 D - a +0 cloak of stealth (worn)
 I - a +1 pair of gloves of stealth (worn)
 P - a +2 plate armour of cold resistance (worn)
 Z - the +0 helmet of Suuzocineps {-Tele rElec rC+ Int+3}
   (You found it on level 15 of the Dungeon)

   Int+3:     It affects your intelligence (+3).
   rC+:       It protects you from cold.
   rElec:     It insulates you from electricity.
   -Tele:     It prevents most forms of teleportation.
Jewellery
 v - a ring of see invisible
 C - a ring of protection from cold
 E - a +5 ring of evasion
 F - a ring of protection from fire
 L - a ring of flight
 N - a ring of positive energy
 Q - an amulet of reflection (around neck)
 W - a ring of willpower (left grasper)
 Y - a +4 ring of slaying (right grasper)
Wands
 q - a wand of iceblast (22)
 u - a wand of charming (52)
 R - a wand of mindburst (24)
 S - a wand of flame (6)
 V - a wand of acid (8)
Scrolls
 a - 5 scrolls of identify {@r1}
 e - 3 scrolls of poison
 f - 3 scrolls of fog
 g - a scroll of fear
 i - 6 scrolls of vulnerability
 o - 8 scrolls of teleportation {@r2}
 r - 4 scrolls of immolation
 y - 5 scrolls of revelation
 z - a scroll of enchant armour
 M - 3 scrolls of enchant weapon
 O - a scroll of amnesia
 T - a scroll of butterflies
Potions
 b - 2 potions of might
 h - 5 potions of haste {@q3}
 k - 3 potions of heal wounds {@q2}
 m - 9 potions of curing {@q1}
 n - 7 potions of enlightenment
 s - 5 potions of lignification
 t - 4 potions of resistance
 w - 6 potions of attraction
 x - 2 potions of invisibility
 A - 5 potions of brilliance
 G - 4 potions of mutation
 H - 5 potions of berserk rage {!q}
 U - 2 potions of ambrosia
 X - a potion of magic

Dungeon Overview and Level Annotations

Branches:
Dungeon (15/15)            Temple (1/1) D:5            Lair (5/5) D:10
 Shoals (0/4) Lair:2       Spider (4/4) Lair:2        Slime (0/5) Lair:4
    Orc (2/2) D:12            Elf (0/3) Orc:2        Vaults (0/5) D:13
 Depths (0/4) D:15          Sewer (visited)           IceCv (visited)

Altars:
Ashenzari
Cheibriados
Dithmenos
Elyvilon
Fedhas
Gozag
Hepliaklqana
Kikubaaqudgha
Makhleb
Nemelex Xobeh
Okawaru
Qazlal
Ru
Sif Muna
Trog
Uskayaw
Vehumet
Wu Jian
Xom
Yredelemnul
Zin
The Shining One
Beogh

Shops:
D:1 *   D:2 !   Orc:2 ?=:[

Annotations:
D:7 1 runed translucent door, Crazy Yiuf
D:15 Roxanne
Lair:3 3 runed translucent doors, exclusion: oklob plant, DaftaChap's ghost, journeyman MiFi

### ## ##
^...##.##.#^#.##
#....ss@s^....#
^.#.##s#..#..##
#..sws##..#
#^......#..# .#
#.###.#.s..# #
#.#...... .
^..##... #. ..#s
.### . .#... ..


You could see a torpor snail, 3 wolf spiders, a jumping spider and a redback.


Message History

* * * LOW HITPOINT WARNING * * *
The wolf spider bites you but does no damage.
The redback bites you.
* * * LOW HITPOINT WARNING * * *
You are lethally poisoned!
The redback poisons you! The wolf spider hits you.
* * * LOW HITPOINT WARNING * * *
The wolf spider bites you.
* * * LOW HITPOINT WARNING * * *
Unknown command.
Unknown command.
Unknown command.
Unknown command.
Unknown command.
Unknown command.
Unknown command.
* * * LOW HITPOINT WARNING * * *
You feel extremely sick. The wolf spider hits you.
* * * LOW HITPOINT WARNING * * *
The wolf spider bites you but does no damage.
The wolf spider hits you but does no damage.
You block the wolf spider's attack. The redback completely misses you.
The wolf spider hits you but does no damage.
The wolf spider bites you but does no damage.
The wolf spider hits you.
* * * LOW HITPOINT WARNING * * *
The wolf spider closely misses you. The redback barely misses you.
The wolf spider hits you!
You die...

Skill      XL: |  1  2  3  4  5  6  7  8  9 10 11 12 13 14 15 16 17 |
---------------+----------------------------------------------------+-----
Armour         | 1 2 3 4 5 7 8 10 11 12 13 14 15 | 15.1
Fighting       | 3 4 5 6 8 9 11 12 14 15 16 18 19 | 19.0
Long Blades    | 4 5 7 8 9 11 12 14 15 16 17 | 17.0
Dodging        | 6 9 |  9.3
Throwing       | |  1.7

Action                     |  1- 3 |  4- 6 |  7- 9 | 10-12 | 13-15 | 16-18 || total
---------------------------+-------+-------+-------+-------+-------+-------++-------
  Melee: Long sword        |    80 |   165 |   285 |   461 |   373 |       ||  1364
         Short sword       |    51 |   152 |   188 |   450 |   963 |   488 ||  2292
         Dagger            |       |       |    91 |       |       |       ||    91
         Rapier            |       |       |       |       |   471 |       ||   471
         Double sword      |       |       |       |       |   177 |   552 ||   729
Ability: Lunge             |       |       |    13 |    46 |    84 |    36 ||   179
         Whirlwind         |       |       |       |    24 |   160 |   102 ||   286
  Evoke: Wand              |       |       |     7 |     1 |       |       ||     8
    Use: Scroll            |       |     9 |     3 |     1 |    15 |     6 ||    34
         Potion            |       |       |     4 |       |     7 |     1 ||    12
   Stab: Sleeping          |     1 |       |       |       |       |       ||     1
         Petrified         |       |       |       |       |     1 |       ||     1
 Armour: Leather armour    |    47 |    60 |       |       |       |       ||   107
         Chain mail        |       |    67 |   272 |   389 |   436 |       ||  1164
         Plate armour      |       |       |       |       |   219 |   457 ||   676
  Dodge: Dodged            |    64 |   111 |   133 |   116 |   231 |   116 ||   771
  Block: Other             |       |       |       |    32 |   123 |    59 ||   214
         Reflection        |       |       |       |     4 |     6 |     3 ||    13

Levels and vault maps discovered:
D:1:      scummos_arrival_forest, layout_basic, serial_shops, shop,
          dk_noncrumbling_3, st_stairs_9
D:2:      layout_basic, hellmonk_ecumenical_altar_pennies_from_heaven,
          serial_shops, shop, nicolae_figureground_pulse
D:3:      layout_basic
D:4:      layout_basic, marbit_many_paths, mainiacjoe_overflow_small_starburst,
          grunt_gozag_statues, hex_large
D:5:      minmay_chambers_of_threes, layout_basic, bloody_trog,
          minmay_temple_entry_junction_2, portal_sewer_entry_e
D:6:      wad_lake_hut, layout_rooms, dreamdust_divine_triumvirate,
          mainiacjoe_overflow_surrounded_room, uniq_blork_the_orc, uniq_duvessa
D:7:      layout_layer_cave, kennysheep_little_box, kennysheep_cluttered_room,
          uniq_crazy_yiuf_cottage
D:8:      layout_rooms
D:9:      layout_loops_ring, grunt_temple_overflow_open, serial_glass,
          glass_columns_b, glass_columns_b, glass_columns_a, glass_columns_a,
          glass_columns_c, glass_columns_b, glass_columns_c, glass_columns_b,
          glass_columns_b, glass_columns_a, glass_columns_b, glass_columns_a,
          glass_columns_b, glass_columns_a
D:10:     layout_loops_ring, dpeg_oklobed_lair, serial_rivers,
          chequers_serial_rivers_large_a, chequers_serial_rivers_small_3,
          chequers_serial_rivers_micro_e, chequers_serial_rivers_micro_c,
          chequers_serial_rivers_small_a, chequers_serial_rivers_large_b,
          abandoned_shop
D:11:     layout_roguey
D:12:     layout_stronghold, orc_0_dummy, serial_ice, serial_ice_o,
          serial_ice_a, serial_ice_n, serial_ice_l, serial_ice_d, serial_ice_f,
          grunt_decor_junction
D:13:     layout_gridville, skrybe_vaults_entry_preservation,
          minmay_guarded_unrand_curses
D:14:     gammafunk_sealed_library, layout_loops_ring,
          infiniplex_staircase_pool, minmay_puff
D:15:     gammafunk_enter_depths_forms, layout_irregular_city,
          nicolae_vehumet_altar_sigil, uniq_agnes, uniq_roxanne, uniq_jorgrun
Temple:   jpeg_temple_island
Lair:1:   layout_gridlike, grunt_megastairs_1
Lair:2:   layout_hall_layers, elwin_shoals_entry_stream,
          spider_nest_entry_funnel_web, serial_bayou_crossing,
          infiniplex_staircase_pool_2
Lair:3:   layout_loops_ring, maelrawn_ghost_gauntlet_escape, dpeg_oklob_1
Lair:4:   nzn_winding_woodlands_large [nzn_winding_woodlands_5x5_three,
          nzn_winding_woodlands_5x15_sawtooth, nzn_winding_woodlands_5x5_cross,
          nzn_winding_woodlands_center_triple_pond,
          nzn_winding_woodlands_15x15_five_gardens,
          nzn_winding_woodlands_center_pierced_h,
          nzn_winding_woodlands_hourglass, nzn_winding_woodlands_5x15_twine,
          nzn_winding_woodlands_5x5_closed_star], layout_misc_corridors,
          slime_entry_1, minmay_stone_trees_small, beast_lair_carwin_8
Lair:5:   minmay_lair_end_frog_pond, layout_cave_shapes,
          portal_ice_cave_entry_ice_simulacra
Spider:1: layout_spider_delve
Spider:2: layout_spider_delve, uniq_arachne
Spider:3: layout_spider_delve, hangedman_spider_mandibles
Spider:4: grunt_spider_rune_circles, uniq_mlioglotl, uniq_nikola
Orc:1:    layout_diamond_mine, uniq_josephine
Orc:2:    kennysheep_orc_mage_school, layout_caves, serial_shops, shop

Notes
Turn   | Place    | Note
-------+----------+-------------------------------------------
     0 | D:1      | cforsyth the Coglin Gladiator began the quest for the Orb.
     0 | D:1      | Reached XP level 1. HP: 16/16 MP: 1/1
   125 | D:1      | Reached XP level 2. HP: 10/22 MP: 2/2
   462 | D:1      | Found Alilurph's Assorted Antiques.
   465 | D:1      | Reached skill level 1 in Armour
   489 | D:1      | Reached XP level 3. HP: 22/28 MP: 3/3
   744 | D:2      | Found a faded altar of an unknown god.
   958 | D:2      | Found Osuin's Distillery.
  1044 | D:2      | Reached XP level 4. HP: 34/34 MP: 4/4
  1071 | D:2      | Reached skill level 3 in Fighting
  1240 | D:2      | Reached skill level 2 in Armour
  1255 | D:2      | Reached XP level 5. HP: 23/41 MP: 5/5
  1355 | D:2      | Reached skill level 4 in Long Blades
  2548 | D:4      | Found a stormy altar of Qazlal.
  2592 | D:4      | Reached XP level 6. HP: 47/48 MP: 6/6
  2623 | D:4      | Reached skill level 4 in Fighting
  2835 | D:4      | Found an opulent altar of Gozag.
  2842 | D:4      | Reached skill level 3 in Armour
  3160 | D:4      | Found a blossoming altar of Fedhas.
  3242 | D:5      | Entered Level 5 of the Dungeon
  3247 | D:5      | Noticed a sky beast
  3273 | D:5      | Noticed a water moccasin
  3333 | D:5      | Found a bloodstained altar of Trog.
  3351 | D:5      | Noticed a water moccasin
  3383 | D:5      | Killed a water moccasin
  3384 | D:5      | Reached skill level 5 in Long Blades
  3384 | D:5      | Reached XP level 7. HP: 9/55 MP: 7/7
  3550 | D:5      | Found a glowing drain.
  3559 | Sewer    | Entered a sewer
  3629 | Sewer    | HP: 5/55 [kobold/+0 dagger (2)]
  3640 | Sewer    | Reached skill level 5 in Fighting
  3646 | Sewer    | Reached skill level 4 in Armour
  3759 | Sewer    | Found a white marble altar of Elyvilon.
  3888 | D:4      | Reached XP level 8. HP: 21/63 MP: 8/8
  4147 | D:4      | Reached skill level 6 in Long Blades
  4442 | D:5      | Found a staircase to the Ecumenical Temple.
  4451 | D:5      | Reached skill level 6 in Fighting
  4742 | Temple   | Entered the Ecumenical Temple
  4769 | Temple   | Became a worshipper of the Wu Jian Council
  4839 | D:5      | Reached skill level 5 in Armour
  5301 | D:5      | Reached skill level 7 in Long Blades
  5301 | D:5      | Reached XP level 9. HP: 55/71 MP: 9/9
  5512 | D:1      | Bought a scroll of identify for 36 gold pieces
  5512 | D:1      | Bought a brown potion for 16 gold pieces
  5513 | D:1      | Identified 2 potions of resistance
  5608 | D:6      | Reached skill level 7 in Fighting
  5655 | D:6      | Found a glowing silver altar of Zin.
  5656 | D:6      | Found a white marble altar of Elyvilon.
  5656 | D:6      | Found a glowing golden altar of the Shining One.
  5716 | D:6      | Noticed Blork the orc
  5723 | D:6      | Killed Blork the orc
  5724 | D:6      | Reached skill level 6 in Armour
  5738 | D:6      | Noticed Duvessa
  5865 | D:6      | Noticed Dowan
  5866 | D:6      | Killed Duvessa
  5986 | D:6      | Killed Dowan
  6030 | D:6      | Found a hide-covered altar of Uskayaw.
  6113 | D:6      | Reached * piety under Wu Jian
  6263 | D:6      | Reached skill level 8 in Long Blades
  6699 | D:6      | Reached skill level 8 in Fighting
  7159 | D:7      | Reached skill level 7 in Armour
  7166 | D:7      | Reached XP level 10. HP: 78/81 MP: 10/10
  7331 | D:7      | Reached ** piety under Wu Jian
  7436 | D:7      | Found a runed translucent door.
  7437 | D:7      | Noticed Crazy Yiuf
  7462 | D:7      | Identified the +1 hand axe "Maynkar" {freeze, rPois Will+
                  | Str+2 Dex-5}
  7709 | D:7      | Found a shimmering altar of Xom.
  8866 | D:7      | Reached skill level 9 in Long Blades
  9094 | D:8      | Reached skill level 9 in Fighting
  9301 | D:8      | Noticed a gargoyle
  9307 | D:8      | Killed a gargoyle
  9455 | D:8      | Reached skill level 8 in Armour
  9779 | D:9      | Found an ancient bone altar of Kikubaaqudgha.
  9780 | D:9      | Found a basalt altar of Yredelemnul.
  9785 | D:9      | Found a hazy altar of Hepliaklqana.
  9785 | D:9      | Found a sparkling altar of Nemelex Xobeh.
  9953 | D:9      | Reached *** piety under Wu Jian
  9956 | D:9      | Reached XP level 11. HP: 63/90 MP: 11/11
 10037 | D:9      | Reached skill level 10 in Long Blades
 10188 | D:9      | Reached skill level 10 in Fighting
 10541 | D:10     | Entered Level 10 of the Dungeon
 10975 | D:10     | Found a staircase to the Lair.
 10975 | D:10     | Noticed an oklob plant
 11081 | D:10     | Reached skill level 9 in Armour
 12135 | D:10     | Killed an oklob plant
 12708 | D:11     | Reached skill level 11 in Long Blades
 12763 | D:11     | Noticed a boulder beetle
 12778 | D:11     | Killed a boulder beetle
 12779 | D:11     | Reached skill level 11 in Fighting
 13181 | D:11     | Reached **** piety under Wu Jian
 13592 | D:12     | Reached skill level 10 in Armour
 13592 | D:12     | Reached XP level 12. HP: 87/100 MP: 12/12
 13957 | D:12     | Noticed a boulder beetle
 13978 | D:12     | Killed a boulder beetle
 14899 | D:12     | Found a staircase to the Orcish Mines.
 15200 | Lair:1   | Entered Level 1 of the Lair of Beasts
 15207 | Lair:1   | Reached skill level 12 in Long Blades
 15209 | Lair:1   | Reached skill level 12 in Fighting
 15243 | Lair:1   | Noticed a skyshark
 15266 | D:10     | Killed a skyshark
 15689 | Lair:1   | Reached skill level 11 in Armour
 16114 | Lair:2   | Noticed a skyshark
 16124 | Lair:2   | Killed a skyshark
 16449 | Lair:2   | Identified the +7 rapier of Gluttony {venom, rF- Str+3
                  | Int+5}
 16463 | Lair:2   | Reached ***** piety under Wu Jian
 16466 | Lair:2   | Reached XP level 13. HP: 95/109 MP: 13/13
 16661 | Lair:2   | Found a staircase to the Shoals.
 16681 | Lair:2   | HP: 4/109 [merfolk/+0 trident (14)]
 16690 | Lair:2   | HP: 10/109 [merfolk/+0 trident (13)]
 17005 | Lair:2   | Found a hole to the Spider Nest.
 17016 | Lair:2   | Reached skill level 13 in Fighting
 17016 | Lair:2   | Reached skill level 13 in Long Blades
 17945 | Lair:3   | Identified the flux talisman of Untold Secrets {Str+3 Int-3
                  | Stlth+}
 18130 | Lair:3   | Found a runed translucent gate.
 18130 | Lair:3   | Found a runed translucent gate.
 18130 | Lair:3   | Found a runed translucent gate.
 18135 | Lair:3   | Identified the +2 ring mail of Morality {rN+ Str+3}
 18150 | Lair:3   | Noticed a minotaur
 18150 | Lair:3   | Noticed DaftaChap's ghost (journeyman MiFi)
 18710 | Lair:3   | Reached skill level 12 in Armour
 19116 | Lair:4   | Found a staircase to the Slime Pits.
 19147 | Lair:3   | HP: 10/108 [poisoned by a black mamba]
 19152 | Lair:3   | HP: 6/108 [poisoned by a black mamba]
 20358 | Lair:4   | Reached skill level 14 in Fighting
 20391 | Lair:4   | Reached skill level 14 in Long Blades
 20443 | Lair:4   | Reached XP level 14. HP: 83/120 MP: 14/14
 21286 | Lair:4   | Identified the +4 broad axe "Osuwuda" {venom, rN+ Str+5}
 21417 | Lair:4   | Reached skill level 13 in Armour
 22266 | Lair:4   | Identified the +7 great mace of Resourcefulness {freeze,
                  | Will+ rCorr}
 22760 | Lair:5   | Entered Level 5 of the Lair of Beasts
 22760 | Lair:5   | Found a frozen archway.
 22950 | Lair:5   | Reached skill level 15 in Fighting
 22961 | Lair:5   | Reached skill level 15 in Long Blades
 22988 | Lair:5   | Reached ****** piety under Wu Jian
 23162 | IceCv    | Entered an ice cave
 23533 | IceCv    | Identified a scroll of acquirement
 24042 | IceCv    | Reached XP level 15. HP: 129/129 MP: 15/15
 24206 | IceCv    | Noticed a frost giant
 24226 | IceCv    | HP: 10/129 [frost giant/+0 battleaxe of freezing (22)]
 24230 | IceCv    | Killed a frost giant
 24722 | IceCv    | Reached skill level 14 in Armour
 26231 | Lair:4   | Reached skill level 16 in Fighting
 26582 | Lair:5   | Reached skill level 16 in Long Blades
 26724 | Lair:5   | Acquired the +10 double sword of the Blue Skies {elec, rF++
                  | rN+ rCorr Int-2}
 27249 | Orc:1    | Entered Level 1 of the Orcish Mines
 27262 | Orc:1    | Noticed Josephine
 27267 | Orc:1    | Killed Josephine
 28043 | Orc:2    | Entered Level 2 of the Orcish Mines
 28043 | Orc:2    | Found Yso Ytrui's Armour Boutique.
 28548 | Orc:2    | Found a staircase to the Elven Halls.
 28738 | Orc:2    | Paralysed by something for 5 turns
 28774 | Orc:2    | Found Zoedghide's Book Emporium.
 28797 | Orc:2    | Found a radiant altar of Vehumet.
 28808 | Orc:2    | Found Tabreagezo's Jewellery Emporium.
 28826 | Orc:2    | Noticed Nergalle
 28833 | Orc:2    | Killed Nergalle
 28881 | Orc:2    | Found an ancient bone altar of Kikubaaqudgha.
 28899 | Orc:2    | Found a roughly hewn altar of Beogh.
 28909 | Orc:2    | Found Ryitimam's Magic Scroll Emporium.
 28926 | Orc:2    | Bought a scroll of identify for 30 gold pieces
 28926 | Orc:2    | Bought a scroll of identify for 30 gold pieces
 28987 | Orc:2    | Found Etybu's Antique Armour Shoppe.
 29418 | D:13     | Reached XP level 16. HP: 110/139 MP: 16/16
 29834 | D:13     | Found a gate to the Vaults.
 29839 | D:13     | Reached skill level 15 in Armour
 30753 | D:14     | Found a transporter.
 30758 | D:14     | Found a radiant altar of Vehumet.
 30817 | D:14     | Noticed a tengu reaver
 30900 | D:14     | Identified the +3 orcbow "Impslayer" {elec, rC+++ Will++
                  | Int-5}
 31231 | D:14     | Reached skill level 3 in Dodging
 31629 | D:14     | Killed a tengu reaver
 31630 | D:14     | Found a transporter.
 31637 | D:14     | Reached skill level 17 in Fighting
 31997 | D:15     | Entered Level 15 of the Dungeon
 32038 | D:15     | Reached skill level 17 in Long Blades
 32051 | D:15     | Reached skill level 4 in Dodging
 32346 | D:15     | Noticed Roxanne
 32380 | D:15     | Identified the +0 helmet of Suuzocineps {-Tele rElec rC+
                  | Int+3}
 32462 | D:15     | Found a radiant altar of Vehumet.
 32557 | D:15     | Noticed Jorgrun
 32559 | D:15     | Noticed Agnes
 32824 | D:15     | Killed Jorgrun
 32825 | D:15     | Reached skill level 5 in Dodging
 32941 | D:15     | Killed Agnes
 33394 | D:15     | Found a staircase to the Depths.
 33715 | Spider:1 | Entered Level 1 of the Spider Nest
 33933 | Lair:2   | Reached skill level 6 in Dodging
 34780 | Lair:2   | Reached skill level 18 in Fighting
 34980 | Spider:1 | Reached XP level 17. HP: 149/149 MP: 17/17
 35159 | Spider:1 | Reached skill level 7 in Dodging
 36568 | Spider:2 | Reached skill level 8 in Dodging
 36702 | Spider:2 | Noticed Arachne
 36721 | Spider:2 | Killed Arachne
 37134 | Spider:2 | Acquired a +1 demon blade of pain
 38390 | Spider:3 | Reached skill level 9 in Dodging
 39015 | Spider:3 | Reached skill level 19 in Fighting
 39733 | Spider:4 | Entered Level 4 of the Spider Nest
 39744 | Spider:4 | HP: 13/153 [wolf spider[a torpor snail] (4)]
 39744 | Spider:4 | Slain by a wolf spider

Vanquished Creatures
  Arachne (Spider:2)
  Jorgrun (D:15)
  Agnes (D:15)
  A tengu reaver (D:14)
  A frost giant (IceCv)
  2 emperor scorpions
  2 ghost moths (Spider:2)
  A very ugly thing (D:15)
  A broodmother (Spider:1)
  An ironbound preserver (D:13)
  A spark wasp (Spider:3)
  4 entropy weavers
  Josephine (Orc:1)
  A great orb of eyes (D:15)
  4 ogre magi
  11 hydras
  5 rakshasas
  A centaur warrior (D:13)
  2 catoblepae
  2 radroaches
  8 boulder beetles
  A two-headed ogre (D:13)
  3 demonic crawlers
  15 death yaks
  An occultist (D:14)
  Nergalle (Orc:2)
  3 pharaoh ants
  A goliath frog (Lair:5)
  4 skysharks
  A fire crab (Lair:4)
  3 orb spiders
  An arcanist (D:12)
  A sun moth (Spider:2)
  2 necromancers (D:14)
  3 steelbarb worms
  10 wolf spiders
  2 lindwurms (Lair:4)
  2 deep elf pyromancers (D:13)
  8 ugly things
  An oklob plant (D:10)
  4 cyclopes
  A manticore (shapeshifter) (D:15)
  10 orc sorcerers
  2 manticores
  A moth of wrath (shapeshifter) (D:14)
  3 meliai (Spider:1)
  10 elephants
  A meliai (shapeshifter) (D:14)
  2 kobold blastminers
  6 black mambas
  An ice statue (IceCv)
  4 moths of wrath
  3 gargoyles
  30 cane toads
  5 torpor snails
  2 unseen horrors (shapeshifter)
  4 kobold demonologists (D:14)
  2 efreet
  14 rime drakes
  14 komodo dragons
  An unseen horror (D:11)
  4 yaktaurs (D:15)
  4 guardian mummies (D:13)
  3 tengu conjurers (D:14)
  10 trolls
  4 merfolk (Lair:2)
  4 polar bears (IceCv)
  A polar bear (shapeshifter) (D:14)
  A queen bee (shapeshifter) (D:13)
  18 tarantellas
  A wolf spider simulacrum (D:12)
  20 blink frogs
  2 tyrant leeches (Lair:5)
  A glass eye (D:14)
  13 slime creatures
  17 jumping spiders
  3 centaur simulacra
  16 culicivoras
  6 wraiths
  3 vampires
  4 wyverns
  47 yaks
  4 basilisks
  27 redbacks
  2 wargs
  A steam dragon (D:7)
  A death yak simulacrum (Lair:5)
  18 vampire mosquitoes
  Duvessa (D:6)
  5 acid dragons
  11 water moccasins
  7 ice beasts
  2 sky beasts
  2 laughing skulls (D:15)
  A black bear (D:5)
  A crocodile (shapeshifter) (D:14)
  11 orc warriors
  17 ogres
  33 wolves
  3 centaurs
  2 boggarts (D:14)
  2 phantoms
  Blork the orc (D:6)
  3 gnoll sergeants
  6 kobold brigands
  19 bullfrogs
  A cane toad simulacrum (Lair:5)
  24 wights
  Dowan (D:6)
  12 killer bees
  2 elephant simulacra (Lair:5)
  10 electric eels
  A howler monkey (D:4)
  2 bombardier beetles
  6 hounds
  A jelly (D:7)
  18 orc priests
  2 gnoll boudas
  3 sleepcaps
  8 iguanas
  36 orc wizards
  4 hell rats
  A polar bear simulacrum (Lair:5)
  A boggart simulacrum (D:12)
  4 mummies (D:13)
  24 gnolls
  12 adders
  A river rat (D:5)
  A shadow imp (D:7)
  3 white imps
  2 ufetubi
  A dart slug (D:1)
  2 ribbon worms
  57 orcs
  5 endoplasms
  6 giant cockroaches
  6 goblins
  3 hobgoblins
  9 jackals
  3 quokkas
  10 ball pythons
  2 bats (D:2)
  2 frilled lizards
  28 kobolds
  9 rats
920 creatures vanquished.

Vanquished Creatures (others)
  A warg (Orc:1)
  An orc wizard (Orc:2)
  An orc (Orc:1)
3 creatures vanquished.

Grand Total: 923 creatures vanquished

Table legend: (Time is in decaauts)
 A = Elapsed time spent in this place.
 B = Non-inter-level travel time spent in this place.
 C = Inter-level travel time spent in this place.
 D = Time resting spent in this place.
 E = Time spent auto-exploring this place.
 F = Levels seen in this place.
 G = Mean time per level.
                   A        B        C        D        E       F      G
               +--------+--------+--------+--------+--------+-----+--------+
         Total |  39317 |  37596 |   1721 |  10113 |  20880 |  29 | 1355.8 |
       Dungeon |  19785 |  18725 |   1060 |   3209 |  12351 |  15 | 1319.0 |
        Temple |     53 |      1 |     52 |      0 |      0 |   1 |   53.0 |
          Lair |  10966 |  10606 |    360 |   3808 |   4922 |   5 | 2193.2 |
   Spider Nest |   4808 |   4699 |    109 |   2211 |   1727 |   4 | 1202.0 |
  Orcish Mines |   1718 |   1581 |    137 |    168 |   1066 |   2 |  859.0 |
         Sewer |    265 |    265 |      0 |      0 |    204 |   1 |  265.0 |
      Ice Cave |   1719 |   1719 |      0 |    716 |    609 |   1 | 1719.0 |
               +--------+--------+--------+--------+--------+-----+--------+

Top non-repeatable levels by time:
  Lair:4: 4283 daAuts
  Lair:2: 2862 daAuts
    D:10: 2160 daAuts
     D:7: 2021 daAuts
    D:12: 1980 daAuts
  Lair:3: 1972 daAuts
Spider:3: 1745 daAuts
Spider:1: 1727 daAuts
   IceCv: 1719 daAuts
     D:5: 1649 daAuts
    D:14: 1528 daAuts
    D:15: 1352 daAuts
Spider:2: 1320 daAuts
     D:4: 1289 daAuts
    D:13: 1248 daAuts

Table legend:
 A = Non-vault XP
 B = Vault XP
 C = Vault XP percentage of total XP
 D = Non-vault monster count
 E = Vault monster count
 F = Vault count percentage of total count
                 A         B        C        D         E       F
            +---------+---------+-------+---------+---------+-------
      Total |  134185 |   88429 |  39.7 |     652 |     269 |  29.2
            +---------+---------+-------+---------+---------+-------
        D:1 |      40 |       2 |   4.8 |      23 |       2 |   8.0
        D:2 |     145 |       0 |   0.0 |      30 |       0 |   0.0
        D:3 |     110 |       0 |   0.0 |      11 |       0 |   0.0
        D:4 |     566 |      42 |   6.9 |      14 |       1 |   6.7
        D:5 |     881 |     743 |  45.8 |      22 |      20 |  47.6
        D:6 |    1161 |     322 |  21.7 |      30 |       3 |   9.1
        D:7 |    1577 |       0 |   0.0 |      29 |       0 |   0.0
        D:8 |    1438 |       0 |   0.0 |      16 |       0 |   0.0
        D:9 |    2492 |       0 |   0.0 |      25 |       0 |   0.0
       D:10 |    4650 |     565 |  10.8 |      36 |       1 |   2.7
       D:11 |    3817 |       0 |   0.0 |      28 |       0 |   0.0
       D:12 |    4584 |    1671 |  26.7 |      19 |      13 |  40.6
       D:13 |    4417 |    5915 |  57.2 |      14 |      17 |  54.8
       D:14 |    3787 |    9169 |  70.8 |      10 |      19 |  65.5
       D:15 |    9457 |    9535 |  50.2 |      21 |      11 |  34.4
     Lair:1 |    3551 |     955 |  21.2 |      14 |       4 |  22.2
     Lair:2 |   10712 |    2016 |  15.8 |      43 |       6 |  12.2
     Lair:3 |    4351 |    1943 |  30.9 |      17 |       3 |  15.0
     Lair:4 |   12594 |   22255 |  63.9 |      43 |      45 |  51.1
     Lair:5 |   10677 |    9437 |  46.9 |      22 |      38 |  63.3
   Spider:1 |   13765 |       0 |   0.0 |      39 |       0 |   0.0
   Spider:2 |   17892 |    2115 |  10.6 |      41 |       1 |   2.4
   Spider:3 |   16138 |       0 |   0.0 |      37 |       0 |   0.0
      Orc:1 |    1698 |    1540 |  47.6 |      27 |       4 |  12.9
      Orc:2 |    3685 |    7974 |  68.4 |      41 |      37 |  47.4
      Sewer |       0 |     203 | 100.0 |       0 |       8 | 100.0
      IceCv |       0 |   12027 | 100.0 |       0 |      36 | 100.0
            +---------+---------+-------+---------+---------+-------
